 Dungeon Crawl Stone Soup version 0.24-a0-520-g8fd06ad0bc (webtiles) character file.

Game seed: 9273799941676385218

46 Mithandil the Conjurer (level 3, -1/19 HPs)
             Began as a Deep Elf Conjurer on July 26, 2019.
             Slain by a rat (2 damage)
             ... on level 2 of the Dungeon.
             The game lasted 00:09:46 (1108 turns).

Mithandil the Conjurer (Deep Elf Conjurer)          Turns: 1108, Time: 00:09:47

Health: -1/19      AC:  3    Str:  6    XL:     3   Next: 44%
Magic:  10/10      EV: 11    Int: 19    God:
Gold:   78         SH:  4    Dex: 15    Spells: 6/9 levels left

rFire    . . .     SeeInvis .   a - +0 dagger
rCold    . . .     Gourm    .   k - +0 buckler
rNeg     . . .     Faith    .   d - +0 leather armour
rPois    .         Spirit   .   (no helmet)
rElec    .         Reflect  .   (no cloak)
rCorr    +         Harm     .   (no gloves)
MR       .....                  (no boots)
Stlth    ++........             (no amulet)
HPRegen  0.06/turn              e - ring of resist corrosion
MPRegen  0.12/turn              (no ring)

@: no status effects
A: no striking features
a: no special abilities


You were on level 2 of the Dungeon.
You were hungry.

You visited 1 branch of the dungeon, and saw 3 of its levels.

You collected 78 gold pieces.

Inventory:

Hand Weapons
 a - a +0 dagger (weapon)
 b - a +0 short sword
Missiles
 m - 5 atropa-tipped darts (quivered)
Armour
 d - a +0 leather armour (worn)
 k - a +0 buckler (worn)
 n - a +2 robe of magic resistance
Jewellery
 e - a ring of resist corrosion (left hand)
Scrolls
 g - a scroll of remove curse
Potions
 h - a potion of heal wounds
 j - a potion of curing {unknown}
Comestibles
 c - 6 rations


   Skills:
 + Level 2.8 Dodging
 + Level 2.9 Stealth
 * Level 0.6 Shields
 * Level 3.8 Spellcasting
 * Level 4.8 Conjurations


You had 6 spell levels left.
You knew the following spells:

 Your Spells              Type           Power        Failure   Level  Hunger
a - Magic Dart            Conj           ###.         4%          1    None
b - Searing Ray           Conj           ###...       7%          2    ##.....

Your spell library contained the following spells:

 Spells                   Type           Power        Failure   Level  Hunger
 Dazzling Spray           Conj/Hex       ##....       36%         3    ###....
 Iskenderun's Mystic Bla  Conj           ###.....     41%         4    ####...
 Force Lance              Conj/Tloc      ##......     77%         4    ####...
 Fulminant Prism          Conj/Hex       ##........   77%         4    ####...


Dungeon Overview and Level Annotations

Branches:
Dungeon (3/15)

Altars:

Annotations:
D:1 exclusion: downstairs
D:2 Terence


Message History

There is a stone staircase leading up here.
Terence completely misses you.
You climb upwards.
The rat barely misses you.
There is a stone staircase leading down here.
The hobgoblin shouts!
You hit Terence.
Terence is lightly wounded.
The rat bites you but does no damage. You block the goblin's attack.
You barely miss Terence.
Terence is lightly wounded.
The rat bites you but does no damage. The goblin barely misses you.
Terence closely misses you.
You hit Terence but do no damage.
Terence is lightly wounded.
The rat barely misses you. The goblin barely misses you.
You block Terence's attack.
You hit Terence but do no damage.
Terence is lightly wounded.
The rat bites you.
You die...

#.........#
..#
#.........#
?.
####..#'###
.. ##.#.#
.##
#..g####
..#
#......+
#####..#
#...####
#......#
#......#
#.#....##.#
#..@r..#
#.#<......#
#.@.g..#
....#.#####
########
..#.#.#
###.#..
#.#### #.#
#.# #..


You could see Terence, a hobgoblin, a goblin and a rat.

Vanquished Creatures
  Jessica (D:2)
  A dart slug (D:1)
  A leopard gecko (D:1)
  2 giant cockroaches (D:1)
  3 goblins
  2 hobgoblins
  3 bats
  A frilled lizard (D:2)
  A kobold (D:1)
  2 rats
17 creatures vanquished.

Notes
Turn   | Place    | Note
-------+----------+-------------------------------------------
     0 | D:1      | Mithandil the Deep Elf Conjurer began the quest for the
                  | Orb.
     0 | D:1      | Reached XP level 1. HP: 10/10 MP: 6/6
   211 | D:2      | Noticed Terence
   405 | D:1      | Reached XP level 2. HP: 15/15 MP: 1/8
   467 | D:1      | Learned a level 2 spell: Searing Ray
   680 | D:2      | Noticed Jessica
   684 | D:2      | Killed Jessica
   684 | D:2      | Reached XP level 3. HP: 10/19 MP: 5/10
  1108 | D:2      | Slain by a rat

Levels and vault maps discovered:
D:1:      eino_arrival_water_cross, layout_basic
D:2:      minmay_thinvault, layout_basic, minitemple, uniq_jessica,
          uniq_terence, uniq_crazy_yiuf_cottage
D:3:      layout_loops_ring, old_standard_altar, eat_drink_and_be_merry_uskayaw,
          ebering_ghost_sewer_f, tgw_trog

Action                   || total
-------------------------++-------
Melee: Dagger            ||     5
 Cast: Magic Dart        ||    29
       Searing Ray       ||     3
  Use: Scroll            ||     3
Armor: Leather armour    ||     8
Dodge: Dodged            ||    21
Block: Buckler           ||     4

Table legend:
 A = Non-vault XP
 B = Vault XP
 C = Vault XP percentage of total XP
 D = Non-vault monster count
 E = Vault monster count
 F = Vault count percentage of total count
                 A         B        C        D         E       F
            +---------+---------+-------+---------+---------+-------
      Total |      29 |      37 |  56.1 |      16 |       1 |   5.9
            +---------+---------+-------+---------+---------+-------
        D:1 |      22 |       0 |   0.0 |      11 |       0 |   0.0
        D:2 |       7 |      37 |  84.1 |       5 |       1 |  16.7
            +---------+---------+-------+---------+---------+-------
